 Dungeon Crawl Stone Soup version 0.19-a0-1827-g174f941 (webtiles) character file.

8197 Ijustatesigmund the Covert (level 11, -15/55 HPs)
             Began as a Spriggan Assassin on Oct 7, 2016.
             Was a Priest of Okawaru.
             Demolished by an orc knight
             ... wielding a +0 great sword
              (51 damage)
             ... on level 11 of the Dungeon.
             The game lasted 00:48:35 (12553 turns).

Ijustatesigmund the Covert (Spriggan Assassin)     Turns: 12553, Time: 00:48:36

Health: -15/55     AC:  6    Str:  7    XL:     11   Next: 6%
Magic:  8/22       EV: 30    Int: 19    God:    Okawaru [***...]
Gold:   602        SH:  0    Dex: 17    Spells: 3 memorised, 20 levels left

rFire  . . .     SeeInvis +     a - +8 dagger
rCold  + . .     Gourm    .     F - +2 robe {rC+}
rNeg   . . .     Faith    .     (shield restricted)
rPois  .         Spirit   .     (helmet restricted)
rElec  .         Dismiss  .     d - +1 cloak
rCorr  .         Reflect  .     (gloves unavailable)
MR     +....     Harm     .     (boots unavailable)
Stlth  ++++++....               (no amulet)
                                (no ring)
                                x - +2 ring of intelligence

@: heroism, very quick
A: unfitting armour, see invisible, herbivore 3, speed 3, slow metabolism 2
a: Heroism, Renounce Religion


You were on level 11 of the Dungeon.
You worshipped Okawaru.
Okawaru was most pleased with you.
You were not hungry.

You visited 2 branches of the dungeon, and saw 13 of its levels.

You collected 717 gold pieces.
You spent 115 gold pieces at shops.

Inventory:

Hand Weapons
 a - a +8 dagger (weapon)
 b - a +0 blowgun
 r - a +2 dagger of venom
 M - a +2 short sword
 O - a +0 dagger of venom
Missiles
 e - 45 poisoned needles
 H - 2 throwing nets
 J - 8 tomahawks (quivered)
 V - a curare-tipped needle
Armour
 d - a +1 cloak (worn)
 F - a +2 robe of cold resistance (worn)
 T - a +2 robe of the Archmagi
Jewellery
 u - an uncursed amulet of dismissal
 x - a +2 ring of intelligence (left hand)
 I - an uncursed ring of fire
Wands
 c - a wand of lightning (6/15)
 h - a wand of iceblast (7/15)
 m - a wand of polymorph (16/24)
 q - a wand of disintegration (18/24)
 w - a wand of slowing (12/48)
 z - a wand of polymorph (11/24)
 G - a wand of confusion (5/48)
 K - a wand of paralysis (16/24)
 P - a wand of flame (27/48)
 X - a wand of teleportation (8/9)
Scrolls
 k - 5 scrolls of teleportation
 s - 3 scrolls of recharging
 y - a scroll of magic mapping
 A - a scroll of immolation
 E - 2 scrolls of remove curse
Potions
 f - 2 potions of brilliance
 i - a potion of berserk rage
 j - a potion of heal wounds
 l - 5 potions of curing
 n - 4 potions of mutation
 p - a potion of haste
 t - a potion of invisibility {unknown}
 B - 2 potions of might
 N - a potion of agility
 R - a potion of flight
 S - a potion of lignification
 W - a potion of magic
Books
 o - a book of Maledictions

   Spells                             Type                      Level
   a - Corona                         Hexes                        1
   b - Ensorcelled Hibernation        Hexes/Ice                    2
   c - Confuse                        Hexes                        3
   d - Tukima's Dance                 Hexes                        3
   e - Dazzling Spray                 Conjuration/Hexes            3
 C - a book of Changes

   Spells                             Type                      Level
   a - Beastly Appendage              Transmutation                1
   b - Sticks to Snakes               Transmutation                2
   c - Spider Form                    Transmutation/Poison         3
   d - Ice Form                       Ice/Transmutation            4
   e - Blade Hands                    Transmutation                5
 L - a book of Party Tricks

   Spells                             Type                      Level
   a - Summon Butterflies             Summoning                    1
   b - Apportation                    Translocation                1
   c - Lesser Beckoning               Translocation                3
   d - Tukima's Dance                 Hexes                        3
   e - Alistair's Intoxication        Transmutation/Poison         5
   f - Invisibility                   Hexes                        6
 Q - a book of Callings

   Spells                             Type                      Level
   a - Summon Small Mammal            Summoning                    1
   b - Call Imp                       Summoning                    2
   c - Call Canine Familiar           Summoning                    3
   d - Summon Guardian Golem          Hexes/Summoning              3
   e - Summon Lightning Spire         Summoning/Air                4
   f - Summon Ice Beast               Ice/Summoning                4
Comestibles
 g - 7 bread rations


   Skills:
 - Level 5.0(10.0) Fighting
 - Level 5.5(10.5) Short Blades
 - Level 5.5(10.5) Throwing
 + Level 9.3(14.3) Dodging
 + Level 11.4(16.4) Stealth
 - Level 7.2 Spellcasting
 - Level 2.2 Hexes
 - Level 2.7 Summonings
 - Level 4.6 Translocations
 - Level 3.3 Ice Magic
 - Level 6.5 Invocations


You had 20 spell levels left.
You knew the following spells:

 Your Spells              Type           Power        Failure   Level  Hunger
a - Ensorcelled Hibernat  Hex/Ice        ###...       6%          2    None
b - Apportation           Tloc           ###.......   1%          1    None
c - Summon Butterflies    Summ           ###.....     3%          1    None


Dungeon Overview and Level Annotations

Branches:
Dungeon (12/15)            Temple (1/1) D:7            Lair (0/6) D:10
    Orc (0/2) D:11

Altars:
Ashenzari
Cheibriados
Dithmenos
Elyvilon
Fedhas
Gozag
Hepliaklqana
Kikubaaqudgha
Makhleb
Nemelex Xobeh
Okawaru
Qazlal
Ru
Sif Muna
Trog
Uskayaw
Vehumet
Xom
Yredelemnul
Zin
The Shining One
Beogh

Shops:
D:4 *   D:7 [

Annotations:
D:7 DEFE's ghost, novice DrBe
D:9 graki42's ghost, novice HaBe
D:10 Erolcha; barbarian's ghost, journeyman MiBe
D:12 monday's ghost, journeyman SpEn


Innate Abilities, Weirdness & Mutations

You are very small and have problems with some larger weapons.
You are too small for most types of armour.
You have supernaturally acute eyesight. (SInv)
You are a herbivore.
You cover ground extremely quickly.
You need consume almost no food.


Message History

The orc knight is heavily wounded.
You hit the orc knight but do no damage.
The orc knight is heavily wounded.
The orc priest no longer looks unusually strong.
The orc knight roars a battlecry!
The orcs go into a battle-frenzy!
You hit the orc knight.
The orc knight is heavily wounded.
You closely miss the orc knight.
The orc knight is heavily wounded.
The orc knight no longer looks unusually strong.
The orc knight roars a battlecry!
The orc knight goes into a battle-frenzy!
You hit the orc knight.
The orc knight is heavily wounded.
You barely miss the orc knight.
The orc knight is heavily wounded.
The orc knight hits you with a great sword!!!
Ouch! That really hurt!
You die...

###############################
...........[[[...)............#
......##########@####(........#
.###..# #o# #.........# .# #..#
#o# #.........# .# #..# #o#
#.Z.......# .# #..# #u#
#ac.......# .# #..# #o#
#c........# .# #..# #o##
#.........# .# #..# ##o#
#..)......# .# #..# o#.#
#(.....(..#


You could see 3 orc knights, a brown ugly thing, an orc priest and 2 orcs.

Vanquished Creatures
  Pikel (D:6)
  2 hill giants
  A manticore (D:11)
  2 cyclopes (D:11)
  Psyche (D:10)
  A gargoyle (D:11)
  Grinder (D:4)
  2 hippogriffs (D:8)
  A wyvern (D:11)
  A wraith (D:11)
  2 hell hounds (D:10)
  Duvessa (D:4)
  3 orc warriors
  3 ice beasts
  3 phantoms
  4 sky beasts
  2 ogres
  3 centaurs
  Blork the orc (D:4)
  4 bullfrogs
  Dowan (D:4)
  A scorpion (D:4)
  3 killer bees (D:9)
  11 wights
  2 howler monkeys (D:10)
  A centaur zombie (D:10)
  4 crimson imps
  A quasit (D:6)
  A bullfrog zombie (D:10)
  4 orc priests
  3 hounds
  2 jellies
  A bullfrog skeleton (D:8)
  Natasha (thrice) (D:4)
  9 orc wizards
  8 worker ants
  2 hound skeletons
  Robin (D:4)
  A worker ant zombie (D:11)
  A gnoll (D:5)
  A howler monkey skeleton (D:4)
  14 adders
  3 shadow imps
  An ooze (D:2)
  An adder zombie (D:6)
  2 worms (D:5)
  2 dart slugs
  8 leopard geckos
  25 orcs
  7 bats
  3 giant cockroaches
  2 gnoll zombies (D:3)
  18 goblins
  5 hobgoblins
  8 jackals
  7 quokkas
  9 frilled lizards
  A jackal skeleton (D:4)
  5 kobolds
  A leopard gecko skeleton (D:8)
  A quokka skeleton (D:6)
  2 quokka zombies (D:6)
  5 rats
230 creatures vanquished.

Notes
Turn   | Place    | Note
-------+----------+-------------------------------------------
     0 | D:1      | Ijustatesigmund the Spriggan Assassin began the quest for the Orb.
     0 | D:1      | Reached XP level 1. HP: 10/10 MP: 2/2
    38 | D:1      | Reached skill level 6 in Stealth
   110 | D:1      | Reached XP level 2. HP: 14/14 MP: 3/3
   577 | D:2      | Reached XP level 3. HP: 18/18 MP: 4/4
   729 | D:3      | Reached skill level 7 in Stealth
  1434 | D:3      | Reached XP level 4. HP: 21/23 MP: 5/5
  2083 | D:3      | Found a basalt altar of Yredelemnul.
  2430 | D:4      | Reached XP level 5. HP: 25/26 MP: 6/6
  2534 | D:4      | Noticed Robin
  2535 | D:4      | Noticed Grinder
  2745 | D:4      | Killed Grinder
  2745 | D:4      | Reached XP level 6. HP: 32/32 MP: 7/7
  2983 | D:4      | Killed Robin
  3245 | D:4      | Reached skill level 5 in Dodging
  3245 | D:4      | Reached skill level 8 in Stealth
  3525 | D:4      | Reached XP level 7. HP: 36/36 MP: 8/8
  3558 | D:4      | Noticed Duvessa
  3558 | D:4      | Noticed Dowan
  3560 | D:4      | Killed Duvessa
  3560 | D:4      | Reached skill level 1 in Spellcasting
  3582 | D:4      | Killed Dowan
  3606 | D:4      | Noticed Natasha
  3613 | D:4      | Killed Natasha
  3613 | D:4      | Reached skill level 9 in Stealth
  3617 | D:4      | Noticed Blork the orc
  3710 | D:4      | Killed Blork the orc
  3722 | D:4      | Found a glowing golden altar of the Shining One.
  3760 | D:4      | Found Pymefeck's General Store.
  3768 | D:4      | Bought a potion of agility for 44 gold pieces
  3768 | D:4      | Bought a scroll of magic mapping for 38 gold pieces
  3768 | D:4      | Bought a scroll of teleportation for 33 gold pieces
  3842 | D:4      | Noticed Natasha
  3855 | D:4      | Killed Natasha
  3931 | D:4      | Noticed Natasha
  3943 | D:4      | Killed Natasha
  4039 | D:5      | Entered Level 5 of the Dungeon
  4403 | D:5      | Learned a level 2 spell: Ensorcelled Hibernation
  4510 | D:5      | Found a sacrificial altar of Ru.
  4887 | D:6      | Reached XP level 8. HP: 38/40 MP: 14/14
  4941 | D:6      | Reached skill level 5 in Spellcasting
  5204 | D:6      | Reached skill level 1 in Hexes
  5204 | D:6      | Reached skill level 1 in Ice Magic
  5683 | D:6      | Found a hide-covered altar of Uskayaw.
  5751 | D:6      | Noticed Pikel
  5753 | D:6      | Killed Pikel
  5965 | D:6      | Reached XP level 9. HP: 44/44 MP: 20/20
  6341 | D:7      | Found a bloodstained altar of Trog.
  6475 | D:7      | Found a staircase to the Ecumenical Temple.
  6492 | Temple   | Entered the Ecumenical Temple
  6720 | D:7      | Reached skill level 5 in Short Blades
  6809 | D:7      | Found Meperchui's Armour Emporium.
  6874 | D:7      | Noticed DEFE's ghost (novice DrBe)
  6976 | D:8      | Reached skill level 10 in Stealth
  7930 | D:8      | Reached skill level 5 in Throwing
  8187 | D:8      | Found an iron altar of Okawaru.
  8222 | D:8      | Reached skill level 5 in Fighting
  8433 | D:8      | Became a worshipper of Warmaster Okawaru
  8544 | D:8      | Learned a level 1 spell: Apportation
  8546 | D:8      | Learned a level 1 spell: Summon Butterflies
  8607 | D:9      | Noticed graki42's ghost (novice HaBe)
  9019 | D:9      | Reached skill level 1 in Translocations
  9103 | D:9      | Reached skill level 1 in Summonings
  9124 | D:10     | Entered Level 10 of the Dungeon
  9312 | D:10     | Found a bloodstained altar of Trog.
  9328 | D:10     | Found a staircase to the Lair.
  9359 | D:10     | Reached XP level 10. HP: 44/51 MP: 21/21
  9740 | D:10     | Noticed Psyche
  9748 | D:10     | Killed Psyche
  9807 | D:10     | Noticed Erolcha
 10411 | D:8      | Reached * piety under Okawaru
 10511 | D:9      | Reached skill level 1 in Invocations
 10780 | D:10     | Noticed a hill giant
 10783 | D:10     | Killed a hill giant
 10809 | D:10     | Noticed barbarian's ghost (journeyman MiBe)
 11209 | D:11     | Noticed a hill giant
 11221 | D:11     | Killed a hill giant
 11221 | D:11     | Reached ** piety under Okawaru
 11221 | D:11     | Reached skill level 5 in Invocations
 11359 | D:11     | Noticed a cyclops
 11367 | D:11     | Killed a cyclops
 11388 | D:11     | Noticed a manticore
 11395 | D:11     | Killed a manticore
 11453 | D:11     | Noticed a gargoyle
 11485 | D:11     | Killed a gargoyle
 11511 | D:11     | Noticed an orc knight
 11755 | D:12     | Noticed monday's ghost (journeyman SpEn)
 11795 | D:11     | Noticed a cyclops
 11799 | D:11     | Killed a cyclops
 11799 | D:11     | Reached *** piety under Okawaru
 11799 | D:11     | Reached skill level 11 in Stealth
 11861 | D:11     | Reached XP level 11. HP: 52/55 MP: 20/22
 12497 | D:11     | Found a roughly hewn altar of Beogh.
 12497 | D:11     | Found a staircase to the Orcish Mines.
 12498 | D:11     | Noticed a brown ugly thing
 12499 | D:11     | Noticed an orc knight
 12499 | D:11     | Noticed an orc knight
 12553 | D:11     | Demolished by an orc knight

Vault maps used:
D:1:      scummos_arrival_star
D:3:      lemuel_zombie_altar_yredelemnul, minmay_lizard_king
D:4:      first_bread, serial_shops, nicolae_shop_trees, st_stairs_14,
          tso_altar, uniq_robin, uniq_grinder, uniq_blork_the_orc, uniq_duvessa,
          uniq_natasha
D:5:      kennysheep_mini_moat, kennysheep_generic_room_7
D:6:      basic_altar, uniq_pikel
D:7:      bloody_trog, serial_shops, nicolae_shop_behind_doors
D:8:      lemuel_round_altar
D:10:     minmay_lair_entry_lava, basic_altar, uniq_erolcha, uniq_psyche
D:11:     david_orc_5
Temple:   regret_index_temple_sphere_string

Skill      XL: |  1  2  3  4  5  6  7  8  9 10 |
---------------+-------------------------------+-----
Stealth        | 6 7 8 9 10 11 | 11.4
Dodging        | 2 3 5 6 7 9 |  9.3
Fighting       | 2 3 5 |  5.0
Short Blades   | 3 4 5 |  5.5
Throwing       | 3 5 |  5.5
Spellcasting   | 3 7 |  7.2
Hexes          | 2 |  2.2
Ice Magic      | 3 |  3.3
Translocations | 2 4 |  4.6
Summonings     | 1 2 |  2.7
Invocations    | 6 |  6.5

Action                   |  1- 3 |  4- 6 |  7- 9 | 10-12 || total
-------------------------+-------+-------+-------+-------++-------
Melee: Dagger            |    86 |   124 |   480 |   296 ||   986
       Punch             |       |       |       |     4 ||     4
 Fire: Blowgun           |       |    29 |    75 |    21 ||   125
Throw: Tomahawk          |       |       |     6 |    10 ||    16
 Cast: Ensorcelled Hiber |       |       |     6 |    32 ||    38
       Summon Butterflie |       |       |       |     3 ||     3
       Apportation       |       |       |       |     2 ||     2
Invok: Heroism           |       |       |       |     5 ||     5
Evoke: Wand              |       |     5 |       |     4 ||     9
  Use: Scroll            |     6 |     9 |     7 |    13 ||    35
       Potion            |       |     2 |     4 |     3 ||     9
 Stab: Sleeping          |    17 |    10 |    23 |    11 ||    61
       Distracted        |     1 |     1 |     1 |       ||     3
  Eat: Fruit             |       |       |     7 |     3 ||    10
Armor: Robe              |    11 |    18 |    37 |    16 ||    82
Dodge: Dodged            |    52 |   128 |   364 |   242 ||   786
